 Dungeon Crawl Stone Soup version 0.27.0-1-g7a089689b8 (webtiles) character file.

Game seed: 243243963148419245

85 frimble the Ruffian (level 4, -6/42 HPs)
             Began as a Troll Warper on Aug 9, 2021.
             Killed by an exploding quokka (48 damage)
             ... ignited by their inner flame
             ... on level 4 of the Dungeon.
             The game lasted 00:01:40 (1785 turns).

frimble the Ruffian (Troll Warper)                  Turns: 1785, Time: 00:01:40

Health: -6/42      AC:  4    Str: 19    XL:     4   Next: 25%
Magic:  13/13      EV:  9    Int: 10    God:
Gold:   91         SH:  0    Dex:  9    Spells: 5/5 levels left

rFire    . . .     SeeInvis .     - Unarmed
rCold    . . .     Faith    .   (no shield)
rNeg     . . .     Spirit   .   a - +0 robe
rPois    .         Reflect  .   (helmet restricted)
rElec    .         Harm     .   (no cloak)
rCorr    +         Rampage  .   (gloves unavailable)
Will     .....                  (boots unavailable)
Stlth    +.........             (no amulet)
HPRegen  1.14/turn              i - ring of resist corrosion
MPRegen  0.13/turn              j - ring of magical power

@: no status effects
A: large, unfitting armour, claws 3, regeneration 1, shaggy fur 1, tough skin 1
a: no special abilities


You were on level 4 of the Dungeon.
You visited 1 branch of the dungeon, and saw 4 of its levels.

You collected 91 gold pieces.

Inventory:

Missiles
 c - 5 boomerangs of dispersal (quivered)
 e - 17 poisoned darts
Armour
 a - a +0 robe (worn)
Jewellery
 i - a ring of resist corrosion (left claw)
 j - a ring of magical power (right claw)
 l - an amulet of guardian spirit
Wands
 m - a wand of digging (4)
Scrolls
 b - a scroll of blinking
 f - a scroll of magic mapping
Potions
 g - a potion of flight {unknown}
 h - a potion of might {unknown}
 n - a potion of invisibility {unknown}


   Skills:
 + Level 2.3 Fighting
 + Level 1.9 Throwing
 - Level 1.9 Dodging
 + Level 2.7 Unarmed Combat
 - Level 1.3 Spellcasting
 + Level 2.6 Translocations


You had 5 spell levels left.
You didn't know any spells.
Your spell library contained the following spells:

 Spells                   Type           Power      Damage    Failure   Level
 Blink                    Tloc           N/A        N/A       17%         2
 Gell's Gravitas          Tloc           3%         N/A       32%         3
 Lesser Beckoning         Tloc           3%         N/A       32%         3
 Teleport Other           Tloc           6%         N/A       32%         3
 Slow                     Hex            0%         N/A       45%         2
 Confusing Touch          Hex            0%         N/A       71%         3
 Vampiric Draining        Necr           0%         2d6       71%         3
 Manifold Assault         Tloc           6%         N/A       97%         5


Dungeon Overview and Level Annotations

Branches:
Dungeon (4/15)             Temple (0/1) D:4

Altars:
Elyvilon
The Shining One


Innate Abilities, Weirdness & Mutations

You are too large for most types of armour.
You have claws for hands.
Your natural rate of healing is unusually fast.
You are covered in fur. (AC +1)
You have tough skin. (AC +1)


Message History

You kill the goblin!
No target in view!
No target in view!
No target in view!
No target in view!
No target in view!
As you read the scroll labelled QODOK DUKHU, it crumbles to dust.
You hear a loud clanging noise!
It was a scroll of noise.
You hear an angry hiss. x2; You hear a shout!
As you read the scroll labelled TAEWUX YTAAC, it crumbles to dust.
You feel aware of your surroundings.
It was a scroll of magic mapping.
As you read the scroll labelled PEVOG EJITHINU, it crumbles to dust.
You feel strangely unstable.
It was a scroll of teleportation.
A quokka comes into view.
As you read the scroll labelled FOZXAT PYTSAYL, it crumbles to dust.
It is a scroll of amnesia.
You feel forgetful for a moment.
As you read the scroll labelled ARUGRO MYEVI, it crumbles to dust.
The creatures around you are filled with an inner flame!
It was a scroll of immolation.
Your surroundings suddenly seem different.
No target in view!
No target in view!
No target in view!
No target in view!
No target in view!
No target in view!
A quokka is nearby!
A quokka is nearby!
A quokka is nearby!
You closely miss the quokka.
The quokka bites you but does no damage.
You scratch the quokka.
Flame seeps out of the quokka.
The quokka is moderately wounded.
The quokka is engulfed in blazing flames.
The quokka explodes!
The fiery explosion engulfs you!!!
Ouch! That really hurt!
You die...

*,* #.# #.# *,****,*
*,* #.# #.* *,**,*,*
***,* #.# *,*
*,,,*,,* ,,,,* #.#
*,* ****,*,* ,****
#.# *,* **,,,,*
,,****** #.#
*,******,,*,,*
,,,,,,,* #.#
*,,,,,,,,***,*
,,****,*
#.#####****,***,,*,,*
,,,,,*,* #..§○@# *,*
**,,,** ****,*,*
#####§# *,* **,**
*,*,* #.# *,* *,****
*,*,* #.# *,* *,,,,*
*,*,** #.# *<* ****,*
*,*,,* #.#****,** *,*
****,**,** #..,>,,,,*
*,* ,,,,,,,,,****
###****,,* *,*
**,,,,,,,,,,* *,,*
*,*


There were no monsters in sight!

Vanquished Creatures
  3 adders
  2 worms (D:2)
  2 dart slugs (D:2)
  6 endoplasms
  2 giant cockroaches (D:1)
  2 goblins
  2 hobgoblins (D:3)
  4 kobolds
  6 quokkas
  4 ball pythons (D:1)
  6 bats
  6 frilled lizards
  3 rats
48 creatures vanquished.

Notes
Turn   | Place    | Note
-------+----------+-------------------------------------------
     0 | D:1      | frimble the Troll Warper began the quest for the Orb.
     0 | D:1      | Reached XP level 1. HP: 19/19 MP: 1/1
    64 | D:1      | Reached skill level 1 in Throwing
   194 | D:1      | Reached XP level 2. HP: 28/28 MP: 2/2
   340 | D:1      | Found a faded altar of an unknown god.
   728 | D:2      | Reached XP level 3. HP: 32/35 MP: 3/3
  1341 | D:3      | Found a white marble altar of Elyvilon.
  1357 | D:3      | Reached XP level 4. HP: 42/42 MP: 4/4
  1404 | D:3      | Found a glowing golden altar of the Shining One.
  1785 | D:4      | Killed by an exploding quokka... ignited by their inner
                  | flame

Illustrated notes

Levels and vault maps discovered:
D:1:      amcnicky_arrival_blooded_trapdoor, layout_loops_ring,
          chequers_ecumenical_altar_simple_redux
D:2:      layout_rooms, serial_bayou_lagoon_a
D:3:      layout_rooms, nicolae_overflow_crystal_walls,
          mainiacjoe_overflow_cross_hatched, kennysheep_minor_cross, minivault_5
D:4:      lemuel_castle_with_subvaults [lemuel_castle_interior_carwin_2],
          layout_loops_ring, minmay_temple_entry_slanted

Skill      XL: |  1  2 |
---------------+-------+-----
Throwing       | 1 |  1.9
Fighting       | 2 |  2.3
Dodging        | |  1.9
Unarmed Combat | |  2.7
Spellcasting   | |  1.3
Translocations | |  2.6

Action                   |  1- 3 |  4- 6 || total
-------------------------+-------+-------++-------
Melee: Unarmed           |    94 |    19 ||   113
       Punch             |     2 |       ||     2
  Use: Scroll            |       |     5 ||     5
Armor: Robe              |    39 |     4 ||    43
Dodge: Dodged            |    38 |     3 ||    41
